Map: Year Zero LE

Players

Lambo - Winner!

  • Race: Zerg Zerg
  • League: Grandmaster
  • Spawn Location: 11:00

llIlIllIllII (Stephano)

  • Race: Zerg Zerg
  • League: Grandmaster
  • Spawn Location: 1:00

VOD

Have the link to the VOD?

Description

Time

  • Played on: Feb. 8, 2019, 8:46 a.m.
  • Length: 16:22
Show
View Real Time Build Order
Export as new Build Order

Lambo Zerg - Winner!

Build Orders: Hatch First 

Get SALT Encoding   

  12  0:01  Drone  
  13  0:13  Overlord  
  13  0:18  Drone  
  14  0:31  Drone x2  
  16  0:49  Hatchery  
  15  0:53  Drone  
  15  0:56  Drone  
  17  0:59  Drone  
  18  1:10  Extractor  
  17  1:15  Spawning Pool  
  16  1:18  Drone  
  16  1:21  Drone  
  18  1:29  Drone  
  19  1:40  Drone  
  20  1:54  Drone  
  21  2:02  Overlord, Drone  
  21  2:03  Queen x2  
  26  2:15  Drone  
  27  2:16  Drone  
  28  2:26  Zergling x2, Drone  
  30  2:37  Hatchery  
  30  2:38  Drone  
  30  2:42  Drone  
  31  2:45  Drone  
  31  2:47  Drone  
  33  2:58  Overlord  
  33  2:59  Drone  
  33  3:02  Evolution Chamber  
  33  3:08  Drone x2  
  33  3:12  Drone  
  36  3:16  Drone x4  
  36  3:17  Drone  
  42  3:20  Drone  
  42  3:22  Overlord  
  42  3:26  Roach Warren  
  41  3:27  Zerg Missile Weapons Level 1  
  41  3:29  Drone  
  41  3:33  Drone  
  42  3:37  Lair  
  42  3:39  Extractor  
  41  3:41  Drone  
  41  3:42  Extractor  
  41  3:47  Drone x3  
  44  3:49  Overlord  
  44  4:00  Drone  
  44  4:01  Overlord  
  45  4:07  Roach x5  
  55  4:12  Roach x2  
  55  4:17  Roach  
  61  4:22  Roach x3  
  67  4:26  Overlord  
  67  4:32  Roach x2  
  67  4:34  Overlord  
  71  4:42  Extractor, Drone  
  71  4:43  Overlord, Glial Reconstitution  
  71  4:47  Drone  
  71  4:49  Drone x2  
  71  4:52  Overlord  
  74  4:55  Roach  
  76  5:02  Drone  
  76  5:06  Spire  
  76  5:08  Roach  
  76  5:13  Drone  
  76  5:14  Drone  
  80  5:15  Roach  
  80  5:17  Roach  
  80  5:18  Overseer  
  80  5:21  Roach  
  86  5:29  Roach x3  
  86  5:30  Drone  
  93  5:41  Zerg Missile Weapons Level 2  
  93  5:44  Overlord  
  93  5:49  Roach x3  
  98  5:53  Roach x2  
  94  6:02  Overlord  
  94  6:04  Roach x4  
  102  6:14  Roach x2  
  106  6:23  Overlord  
  106  6:36  Hatchery  
  106  6:37  Mutalisk x3  
  111  6:42  Overlord  
  111  6:50  Roach x2  
  111  6:51  Roach x4  
  123  7:00  Overlord  
  123  7:02  Roach x3  
  123  7:07  Roach  
  131  7:08  Overlord  
  131  7:13  Overlord  
  131  7:16  Ravager  
  131  7:18  Overlord  
  132  7:25  Roach x2  
  132  7:26  Roach x2  
  140  7:36  Roach x3  
  140  7:39  Roach  
  140  7:40  Roach x3  
  140  7:42  Ravager  
  149  7:47  Ravager  
  150  7:52  Roach x2  
  150  8:07  Overlord, Hatchery  
  150  8:09  Roach x3  
  151  8:13  Overlord  
  151  8:15  Roach x2  
  151  8:16  Roach x3  
  155  8:26  Zerg Ground Armor Level 1  
  155  8:29  Roach x2  
  157  8:36  Roach  
  157  8:38  Roach  
  158  8:44  Roach x5  
  158  8:46  Overlord  
  168  8:53  Overlord  
  168  8:55  Overlord  
  168  9:03  Overseer  
  168  9:04  Queen  
  168  9:05  Overlord  
  168  9:07  Ravager  
  168  9:08  Ravager  
  168  9:10  Roach x2  
  168  9:16  Roach x2  
  176  9:22  Roach x2  
  180  9:29  Roach x3  
  176  9:32  Ravager  
  176  9:37  Roach x2  
  181  9:39  Ravager  
  182  9:59  Hatchery  
  181  10:01  Overlord  
  179  10:16  Roach  
  175  10:24  Roach x8  
  176  10:29  Roach  
  176  10:33  Roach x2  
  163  10:39  Roach  
  149  10:43  Roach x2  
  154  10:50  Ravager  
  154  10:52  Ravager  
  154  10:53  Ravager  
  154  10:54  Ravager  
  154  10:55  Ravager  
  154  10:56  Roach x2  
  162  11:11  Ravager  
  163  11:13  Roach x3  
  163  11:18  Overlord  
  173  11:25  Roach x2  
  173  11:26  Roach  
  173  11:31  Ravager  
  176  11:39  Roach x4  
  184  11:42  Ravager  
  185  11:49  Roach x2  
  185  11:50  Roach  
  195  11:54  Roach x2  
  195  11:57  Roach  
  197  12:03  Roach  
  197  12:07  Ravager  
  198  12:48  Roach x4  
  197  12:56  Roach x2  
  199  13:15  Hatchery  
  199  13:19  Corruptor  
  173  13:20  Corruptor x6  
  173  13:25  Corruptor  
  181  13:29  Roach  
  127  13:48  Roach x6  
  117  13:51  Roach  
  103  14:01  Roach x2  
  83  14:05  Roach  
  87  14:10  Roach  
  87  14:14  Roach x2  
  89  14:19  Roach  
  89  14:22  Roach  
  90  14:30  Roach  
  92  14:37  Roach x2  
  96  14:41  Roach  
  98  14:50  Roach x2  
  102  14:57  Roach x2  
  102  15:00  Roach  
  98  15:16  Mutalisk x3  
  98  15:27  Mutalisk  
  97  15:34  Mutalisk  
  99  15:41  Ravager  
  100  15:48  Mutalisk  
  102  15:54  Mutalisk  
Show
View Real Time Build Order
Export as new Build Order

llIlIllIllII Zerg 

Build Orders: Hatch First, Roach Nydus 

Get SALT Encoding   

  12  0:00  Drone  
  13  0:12  Overlord  
  13  0:17  Drone  
  14  0:31  Drone x2  
  16  0:49  Hatchery  
  15  0:52  Drone  
  15  0:55  Drone  
  17  0:59  Drone  
  18  1:14  Spawning Pool  
  18  1:16  Drone  
  18  1:19  Drone  
  19  1:28  Drone  
  19  1:31  Extractor  
  19  1:39  Drone  
  20  1:50  Drone  
  21  2:01  Queen x2, Overlord  
  21  2:02  Drone  
  26  2:11  Drone  
  26  2:12  Drone  
  28  2:23  Drone  
  28  2:24  Drone  
  30  2:32  Drone  
  30  2:33  Drone  
  32  2:38  Lair  
  32  2:39  Queen  
  32  2:43  Extractor, Overlord  
  33  2:46  Drone  
  34  2:54  Drone  
  34  2:55  Drone, Roach Warren  
  35  3:05  Drone x2  
  37  3:09  Drone  
  37  3:10  Drone x2  
  37  3:11  Drone x2  
  42  3:17  Overlord  
  42  3:23  Overlord  
  42  3:37  Nydus Network  
  42  3:38  Roach x3  
  47  3:41  Queen  
  47  3:45  Roach  
  47  3:48  Roach  
  53  3:49  Roach  
  53  3:53  Extractor  
  53  3:55  Evolution Chamber  
  53  3:56  Roach  
  53  4:01  Roach  
  53  4:02  Roach  
  59  4:05  Overlord  
  59  4:14  Nydus Canal  
  59  4:19  Overlord  
  59  4:25  Roach x3  
  59  4:28  Roach  
  67  4:35  Drone  
  68  4:41  Hatchery  
  68  4:44  Zerg Missile Weapons Level 1  
  69  4:52  Drone x2  
  69  4:53  Drone x2  
  69  4:55  Nydus Canal  
  71  5:03  Glial Reconstitution, Drone x2  
  73  5:09  Drone x2  
  75  5:15  Drone  
  75  5:16  Overlord  
  75  5:20  Extractor  
  75  5:24  Overseer  
  75  5:30  Drone  
  75  5:35  Overlord, Drone x2  
  78  5:36  Drone  
  79  5:53  Roach x5  
  87  5:57  Drone x3  
  87  6:02  Queen x2  
  87  6:03  Queen  
  96  6:04  Overlord  
  96  6:11  Overlord  
  96  6:17  Overlord  
  96  6:22  Overlord  
  96  6:23  Roach  
  98  6:30  Roach x4  
  98  6:31  Nydus Canal  
  106  6:36  Roach x2  
  106  6:37  Roach, Spore Crawler  
  111  6:43  Roach x2  
  115  6:51  Roach  
  115  6:52  Roach x2  
  121  6:55  Overlord x2  
  121  6:57  Ravager  
  122  7:07  Overlord  
  122  7:08  Nydus Canal  
  122  7:10  Overlord x2  
  122  7:13  Overlord  
  122  7:14  Roach x3  
  122  7:15  Roach  
  130  7:35  Roach x6  
  140  7:39  Ravager x3  
  140  7:40  Ravager  
  140  7:41  Roach x4  
  152  7:47  Spore Crawler  
  152  7:48  Spore Crawler  
  150  7:52  Roach x3  
  150  7:57  Roach  
  150  7:58  Roach  
  152  8:08  Overlord, Drone x4  
  156  8:15  Roach  
  156  8:16  Roach  
  160  8:21  Ravager  
  160  8:22  Ravager, Overlord  
  162  8:34  Roach x4  
  164  8:45  Roach  
  164  8:46  Roach x2  
  170  8:56  Overlord x2  
  170  9:03  Overlord  
  170  9:06  Overlord  
  170  9:10  Overlord x2  
  170  9:14  Overlord  
  170  9:17  Ravager x3  
  163  9:33  Roach x10  
  163  9:34  Roach x2  
  187  9:42  Roach x4  
  187  9:45  Overseer  
  195  9:48  Roach x2  
  199  10:08  Zerg Ground Armor Level 1  
  152  10:29  Roach x12  
  138  10:36  Roach  
  138  10:37  Roach x2  
  138  10:41  Roach  
  138  10:42  Roach  
  128  10:44  Roach  
  128  10:51  Roach x3  
  128  10:52  Roach  
  128  10:55  Roach  
  128  10:56  Roach, Extractor  
  139  10:57  Extractor  
  139  11:02  Roach x2  
  142  11:08  Ravager  
  143  11:12  Roach x2  
  151  11:18  Roach x2  
  151  11:27  Drone x5  
  156  11:33  Spire  
  155  11:45  Drone x2  
  157  11:54  Hatchery  
  156  12:03  Drone x5  
  161  12:21  Roach x9  
  179  12:23  Ravager  
  179  12:24  Ravager x2  
  182  12:36  Overlord  
  178  12:48  Mutalisk x2  
  178  12:49  Mutalisk x5  
  182  12:56  Nydus Canal  
  181  13:04  Roach x3  
  181  13:05  Roach x2  
  173  13:20  Mutalisk  
  173  13:21  Mutalisk  
  167  13:34  Roach x4  
  134  13:45  Roach x3  
  79  14:11  Roach x3  
  79  14:12  Roach  
  87  14:22  Roach x2  
  89  14:30  Roach x2  
  93  14:37  Roach x2  
  97  14:38  Roach  
  97  14:41  Ravager x2  
  97  14:44  Roach  
  103  14:47  Roach  
  103  14:52  Roach  
  103  15:00  Roach  
  103  15:01  Roach  
  103  15:04  Roach  
  107  15:18  Roach x2  
  111  15:25  Roach  
  111  15:26  Roach  
  107  15:30  Roach  
  109  15:46  Ravager  
  110  15:54  Hatchery  
Tags
 
Add a new tag
Caveats
  • Supply blocks, unpowered buildings, or Contaminate may cause inaccurate times.
  • Supply counts are checked every 10 seconds.